 Dungeon Crawl Stone Soup version 0.28.0-43-g3370ac3207 (webtiles) character file.

Game seed: 8585495680855764356

633 RascalDebosk the Magician (level 7, 0/36 HPs)
             Began as a Deep Elf Air Elementalist on Mar 27, 2022.
             Was an Initiate of Gozag.
             Slain by a vampire mosquito (8 damage)
             ... on level 5 of the Dungeon.
             The game lasted 00:46:58 (6359 turns).

RascalDebosk the Magician (DEAE)                    Turns: 6359, Time: 00:46:58

Health: 0/36       AC:  7    Str:  5      XL:     7   Next: 24%
Magic:  15/25      EV: 13    Int: 17 (22) God:    Gozag
Gold:   26         SH:  5    Dex: 19      Spells: 6/16 levels left

rFire   . . .      SeeInvis .   j - +9 whip "Globulus" {speed, Dex+4}
rCold   . . .      Faith    .   m - orb {*channel}
rNeg    . . .      Spirit   .   u - +3 leather armour {Will+}
rPois   .          Reflect  +   n - +1 hat
rElec   .          Harm     .   (no cloak)
rCorr   .          Rampage  .   (no gloves)
Will    +....                   (no boots)
Stlth   +++.......              c - amulet of reflection
HPRegen 0.12/turn               p - ring of magical power
MPRegen 0.19/turn               (no ring)

@: gold aura
A: no striking features
a: Renounce Religion, Potion Petition, Call Merchant, Bribe Branch


You were on level 5 of the Dungeon.
You worshipped Gozag.
Gozag was noncommittal.
You visited 2 branches of the dungeon, and saw 6 of its levels.

You collected 286 gold pieces.
You spent 205 gold pieces at shops.
You paid 55 gold pieces to Gozag.

Inventory:

Hand Weapons
 j - the +9 whip "Globulus" (weapon) {speed, Dex+4}
   (You found it on level 2 of the Dungeon)

   Attacks with this weapon are significantly faster.
   Dex:       It affects your dexterity (+4).
Armour
 a - a +0 robe
 f - a +0 helmet
 h - a +0 kite shield
 m - an orb of energy (worn)
 n - a +1 hat (worn)
 u - a +3 leather armour of willpower (worn)
Magical Staves
 b - a staff of fire
 l - a staff of earth
Jewellery
 c - an amulet of reflection (around neck)
 p - a ring of magical power (left hand)
Wands
 i - a wand of polymorph (4)
 w - a wand of iceblast (4)
Scrolls
 d - a scroll of magic mapping {unknown}
 e - a scroll of fear {unknown}
 g - a scroll of brand weapon {unknown}
 k - 2 scrolls of teleportation {unknown}
 o - a scroll of blinking {unknown}
 q - a scroll of identify {unknown}
 r - a scroll of enchant weapon {unknown}
 s - a scroll of holy word {unknown}
 t - 3 scrolls of vulnerability {unknown}
Potions
 v - a potion of invisibility {unknown}


   Skills:
 + Level 4.4 Dodging
 - Level 4.5 Stealth
 - Level 0.3 Shields
 + Level 5.2 Spellcasting
 + Level 3.6 Conjurations
 + Level 1.1 Hexes
 + Level 4.3 Air Magic
 + Level 2.7 Evocations


You had 6 spell levels left.
You knew the following spells:

 Your Spells              Type           Power      Damage    Failure   Level
a - Shock                 Conj/Air       72%        1d7       4%          1
b - Static Discharge      Conj/Air       18%        N/A       7%          2
c - Swiftness             Air            19%        N/A       12%         3
d - Airstrike             Air            9%         N/A       36%         4

Your spell library contained the following spells:

 Spells                   Type           Power      Damage    Failure   Level
 Tukima's Dance           Hex            8%         N/A       41%         3
 Ozocubu's Armour         Ice            4%         N/A       56%         3
 Passage of Golubria      Tloc           4%         N/A       93%         4
 Summon Ice Beast         Ice/Summ       4%         N/A       93%         4
 Metabolic Englaciation   Hex/Ice        3%         N/A       99%         5
 Summon Mana Viper        Hex/Summ       6%         N/A       99%         5
 Yara's Violent Unravell  Hex/Tmut       3%         3d4       99%         5
 Simulacrum               Ice/Necr       2%         N/A       100%        6
 Monstrous Menagerie      Summ           2%         N/A       100%        7
 Ozocubu's Refrigeration  Ice            2%         4d5       100%        7


Dungeon Overview and Level Annotations

Branches:
Dungeon (5/15)             Temple (1/1) D:4

Altars:
Ashenzari
Cheibriados
Dithmenos
Elyvilon
Gozag
Hepliaklqana
Kikubaaqudgha
Makhleb
Nemelex Xobeh
Qazlal
Ru
Sif Muna
Trog
Uskayaw
Vehumet
Wu Jian
Xom
Yredelemnul
Zin
The Shining One

Shops:
D:1 [===[   D:4 *


Message History

Press: ? - help, Dir - move target, f - vampire mosquito
Aim: a vampire mosquito (unaware, hasn't noticed you, empty space bonus: 2/8)
The air twists around and strikes the vampire mosquito!
The vampire mosquito is no longer distracted by gold.
The vampire mosquito buzzes angrily.
The vampire mosquito is moderately damaged.
The vampire mosquito bites you but does no damage. x2
Casting: Airstrike (extremely dangerous; 36% risk of failure)
Confirm with . or Enter, or press ? or * to list all spells.
The vampire mosquito is struck by an arc of lightning!
The vampire mosquito is heavily damaged.
You are struck by an arc of lightning.
The lightning grounds out.
The vampire mosquito bites you!
The vampire mosquito draws strength from your injuries!
You block the vampire mosquito's attack.
The vampire mosquito bites you.
The vampire mosquito draws strength from your injuries!
There is a stone staircase leading up, spattered with blood here.
You hit the vampire mosquito.
The vampire mosquito is lightly damaged.
The vampire mosquito closely misses you.
You whack the vampire mosquito!
The vampire mosquito is heavily damaged.
The vampire mosquito barely misses you.
You closely miss the vampire mosquito.
The vampire mosquito is heavily damaged.
The vampire mosquito bites you!
* * * LOW HITPOINT WARNING * * *
The vampire mosquito draws strength from your injuries!
The vampire mosquito barely misses you.
You whack the vampire mosquito!
The vampire mosquito is severely damaged.
You hear an angry buzzing noise.
A vampire mosquito comes into view.
You block the vampire mosquito's attack.
You hit the vampire mosquito.
The vampire mosquito is severely damaged.
The vampire mosquito bites you!
You die...
Your body crumbles into a pile of gold.

.########
........## #
####.....####.#
........@yy...#
.##......##.###
#.#...###$#
#.##.## #.# #
#. #.# .. #.#
#.. #.# #. #..


You could see 2 vampire mosquitoes.

Vanquished Creatures
  Grinder (D:3)
  A scorpion (D:3)
  A hound (D:4)
  An orc priest (D:4)
  A bullfrog skeleton (D:4)
  Jessica (D:3)
  Terence (D:3)
  Natasha (D:3)
  A hound skeleton (D:4)
  4 gnolls (D:4)
  6 adders
  A white imp (D:5)
  An adder skeleton (D:4)
  A worm (D:2)
  4 dart slugs
  14 orcs
  9 bats
  7 endoplasms
  A giant cockroach (D:4)
  2 goblins (D:4)
  6 hobgoblins
  3 kobolds
  4 quokkas
  8 ball pythons
  2 frilled lizards (D:2)
  3 rats
85 creatures vanquished.

Notes
Turn   | Place    | Note
-------+----------+-------------------------------------------
     0 | D:1      | RascalDebosk the Deep Elf Air Elementalist began the quest
                  | for the Orb.
     0 | D:1      | Reached XP level 1. HP: 10/10 MP: 6/6
    28 | D:1      | Found a faded altar of an unknown god.
    54 | D:1      | Found Xiatoap's Jewellery Emporium.
   199 | D:1      | Reached XP level 2. HP: 15/15 MP: 2/8
   338 | D:1      | Found Quaxo's Antique Armour Emporium.
   790 | D:1      | Found Jewoav's Jewellery Shop.
   985 | D:1      | Found Kutsos's Jewellery Boutique.
  1141 | D:1      | Found Itoufasu's Antique Armour Emporium.
  1647 | D:2      | Reached XP level 3. HP: 19/19 MP: 6/9
  1650 | D:2      | Learned a level 2 spell: Static Discharge
  1654 | D:2      | Learned a level 3 spell: Swiftness
  2008 | D:2      | Identified the +9 whip "Globulus" {speed, Dex+4}
  2509 | D:2      | Reached XP level 4. HP: 24/24 MP: 4/11
  2875 | D:3      | Noticed Jessica
  2882 | D:3      | Killed Jessica
  3095 | D:3      | Noticed Terence
  3175 | D:3      | Noticed Grinder
  3180 | D:3      | HP: 1/24 [/static electricity (1)]
  3193 | D:3      | Killed Grinder
  3194 | D:3      | Reached skill level 4 in Spellcasting
  3194 | D:3      | Reached skill level 1 in Evocations
  3194 | D:3      | Reached XP level 5. HP: 4/28 MP: 0/13
  3194 | D:3      | Reached XP level 6. HP: 4/32 MP: 0/14
  3220 | D:3      | Killed Terence
  3493 | D:3      | Learned a level 4 spell: Airstrike
  4651 | D:4      | Noticed Natasha
  4660 | D:3      | Killed Natasha
  4661 | D:3      | Reached skill level 5 in Spellcasting
  4815 | D:4      | Found a staircase to the Ecumenical Temple.
  4828 | Temple   | Entered the Ecumenical Temple
  5228 | Temple   | Became a worshipper of Gozag Ym Sagoz the Greedy
  5492 | D:4      | Reached XP level 7. HP: 36/36 MP: 16/16
  5708 | D:4      | Identified the +1 helmet of Pusoud {Will+ Int-3 Slay+5}
  5899 | D:1      | Bought a runed leather armour for 125 gold pieces
  6104 | D:4      | Found Toibathroi's Gadget Gallery.
  6112 | D:4      | Bought a wand of iceblast (4) for 80 gold pieces
  6186 | D:4      | Reached skill level 1 in Hexes
  6337 | D:5      | Entered Level 5 of the Dungeon
  6346 | D:5      | Noticed a vampire mosquito
  6358 | D:5      | Noticed a vampire mosquito
  6359 | D:5      | Slain by a vampire mosquito

Illustrated notes

Levels and vault maps discovered:
D:1:      lemuel_arrival_funnel, layout_basic, serial_shops,
          nicolae_shop_advertising_works [nicolae_subvault_shop_adworks],
          nicolae_square_shop, shop, shop, shop,
          shapermc_ecumenical_altar_starsandcircs, supply_closet_lemuel,
          minmay_misc_feat_ornament
D:2:      cheibrodos_helix_gallery, layout_basic
D:3:      layout_loops_ring, chequers_serial_rivers_large_b,
          hangedman_decor_push, minmay_fractal_squares_gapless_5, uniq_terence,
          uniq_jessica, uniq_grinder
D:4:      layout_loops_ring, minmay_temple_entry_glass, nicolae_shop_gadgets,
          uniq_natasha
D:5:      gammafunk_wand_slinger, layout_loops_ring
Temple:   mainiacjoe_temple_big_plus

Skill      XL: |  1  2  3  4  5  6  7 |
---------------+----------------------+-----
Stealth        | 3 4 |  4.5
Dodging        | 3 4 |  4.4
Conjurations   | 2 3 |  3.6
Spellcasting   | 4 5 |  5.2
Evocations     | 1 2 |  2.7
Air Magic      | 4 |  4.3
Hexes          | 1 |  1.1
Shields        | |  0.3

Action                   |  1- 3 |  4- 6 |  7- 9 || total
-------------------------+-------+-------+-------++-------
Melee: Whip              |     1 |     8 |     5 ||    14
 Cast: Shock             |    73 |    80 |    34 ||   187
       Static Discharge  |       |     6 |     5 ||    11
       Airstrike         |       |       |     1 ||     1
  Use: Potion            |       |     2 |       ||     2
       Scroll            |       |     1 |       ||     1
Armor: Robe              |     3 |     2 |       ||     5
       Skin              |       |     6 |       ||     6
       Leather armour    |       |       |     3 ||     3
Dodge: Dodged            |    11 |    12 |    10 ||    33
Block: Orb               |       |     5 |     5 ||    10
